AoeStats
← low hand

African Clearing

510547501Analyzed
4v4 RM · 2d ago on Oct 1, 2026· 29m 48s· 8 players
Game mode
Random Map
Map size
Large (8 player)
Population
200
Speed
Normal
Resources
Standard
Victory
Conquest
Starting age
Dark Age
Ending age
Imperial Age
RankedLock teamsTeams togetherTeam positionsShared explorationLock speedFull tech treeHidden civsTurbo modeCheats
Victory
Defeat
🇭🇰 Wei · Hong Kong SAR China
899
+14
🇨🇳 Burmese · China
888
+14
🇨🇳 Persians · China
854
+16
🇦🇷 Spanish · Argentina
821
+17
🇹🇼 Mongols · Taiwan
942
-19
914
-18
🇵🇰 Huns · Pakistan
773
-12
🇨🇳 Poles · China
772
-12
TornToast5128
15:38 Feudal Age
20:09 Castle Age
19:36 Double-Bit Axe
19:46 Stone Mining
19:46 Horse Collar
20:43 Loom
22:44 Heavy Plow
26:50 Wheelbarrow
27:51 Tuntian
慢即是快.
7:52 Loom
15:04 Feudal Age
19:33 Castle Age
21:21 Husbandry
One Shoulder 100KG
15:16 Feudal Age
17:40 Stone Mining
20:01 Castle Age
17:57 Gold Mining
18:27 Loom
18:28 Town Watch
18:42 Horse Collar
21:34 Padded Archer Armor
23:30 Husbandry
23:41 Bloodlines
24:28 Gold Shaft Mining
low hand
14:13 Feudal Age
20:03 Double-Bit Axe
23:30 Castle Age
24:19 Bow Saw
24:08 Stone Mining
25:35 Wheelbarrow
25:17 Forging
25:16 Pikeman
26:19 Gold Mining
28:32 Ballistics
28:58 Squires
29:38 Horse Collar
Dark_Knight
4:52 Loom
14:01 Feudal Age
15:04 Town Watch
16:48 Padded Archer Armor
16:39 Fletching
21:37 Castle Age
20:20 Double-Bit Axe
25:56 Husbandry
26:07 Bloodlines
26:21 Stone Mining
varcotics
9:51 Loom
20:08 Feudal Age
20:34 Horse Collar
20:42 Double-Bit Axe
21:15 Stone Mining
22:31 Wheelbarrow
22:03 Fletching
25:09 Town Watch
27:57 Castle Age
25:59 Gold Mining
ZZZNNNQQQ
5:33 Loom
21:29 Feudal Age
22:44 Wheelbarrow
25:04 Horse Collar
25:12 Double-Bit Axe
27:48 Castle Age
27:54 Bloodlines
28:03 Gold Mining
28:04 Stone Mining
29:06 Forging
29:01 Scale Barding Armor
30:05 Heavy Plow
遊戲靠賽輕鬆自在
10:58 Loom
13:41 Feudal Age
16:42 Horse Collar
17:02 Double-Bit Axe
18:38 Fletching
Connection lost

Rejoining the realm…

Still unreachable

The connection could not be restored.

Session expired

The server has moved on; the page needs a fresh start.